[Event "FIDE WCCC Open-10 2024"]
[Site "Montesilvano"]
[Date "2024.11.18"]
[Round "4.25"]
[White "Tugsbilguun, Davganamdag"]
[Black "Wang, Rocky"]
[Result "1/2-1/2"]
[ECO "B33"]
[WhiteElo "1660"]
[BlackElo "1853"]
[Annotator "NA RC"]
[PlyCount "179"]
[EventDate "2024.11.18"]
[EventType "swiss"]
[EventCountry "ITA"]
[SourceTitle "playchess.com"]
[Source "ChessBase"]
[SourceQuality "1"]
[TimeControl "5400+30"]

1. e4 c5 2. Nf3 Nc6 3. d4 cxd4 4. Nxd4 Nf6 5. Nc3 e5 6. Ndb5 d6 7. Bg5 a6 8. Na3 b5 9. Nd5 Be7 10. Bxf6 Bxf6 11. c3 O-O 12. Nc2 Rb8 13. Be2 Bg5 14. Bg4 Be6 15. Nce3 Ne7 16. O-O Qd7 17. Nxe7+ Bxe7 18. Bf3 a5 19. Qd3 Bg5 20. Nd5 g6 21. Rfd1 f5 22. Ne3 Bxe3 23. Qxe3 f4 24. Qd3 Rb6 25. Rd2 g5 26. Bd1 Bc4 27. Qf3 Be6 28. Qd3 g4 29. f3 h5 30. Bb3 b4 31. Bxe6+ Qxe6 32. cxb4 axb4 33. Rc2 b3 34. axb3 Qxb3 35. Qxb3+ Rxb3 36. fxg4 hxg4 37. Ra7 Rf7 38. Ra8+ Kg7 39. Rcc8 Kf6 40. Rc2 Re3 41. Rd2 Rxe4 42. Rxd6+ Kf5 43. Kf2 Rb4 44. Rd2 Rfb7 45. Rf8+ Ke6 46. Re8+ Kf6 47. Re2 R4b5 48. Rf8+ Rf7 49. Rg8 Rg7 50. Rf8+ Kg5 51. Re8 Kf6 52. Rf8+ Rf7 53. Rg8 Kf5 54. Rh8 Ke6 55. Re8+ Kf6 56. Rg8 Rh7 57. Rxg4 Rxh2 58. Rg8 Rh7 59. Rf8+ Rf7 60. Rxf7+ Kxf7 61. g3 fxg3+ 62. Kxg3 Ke6 63. Kf3 Kf5 64. Rc2 Rb3+ 65. Ke2 Ke4 66. Rc4+ Kd5 67. Rc2 Kd4 68. Rd2+ Ke4 69. Rc2 Kf4 70. Rc4+ e4 71. Rc3 Rb8 72. b3 Rh8 73. Ke1 Ke5 74. b4 Kd4 75. Rb3 Rh1+ 76. Ke2 Rh2+ 77. Ke1 Kc4 78. Re3 Kd5 79. Rb3 Ke5 80. b5 Kf4 81. b6 Rh8 82. b7 Rb8 83. Ke2 Ke5 84. Ke3 Kd5 85. Rb4 Kc5 86. Rb1 Kd5 87. Rb4 Kc5 88. Rb1 Kd5 89. Rb4 Kc5 90. Rb1 1/2-1/2

[Event "FIDE WCCC Open-10 2024"]
[Site "Montesilvano"]
[Date "2024.11.18"]
[Round "4.26"]
[White "Melkonyan, Davit"]
[Black "Vardanyan, Armen Art."]
[Result "1-0"]
[ECO "A28"]
[WhiteElo "1842"]
[BlackElo "1735"]
[Annotator "NA RC"]
[PlyCount "102"]
[EventDate "2024.11.18"]
[EventType "swiss"]
[EventCountry "ITA"]
[SourceTitle "playchess.com"]
[Source "ChessBase"]
[SourceQuality "1"]
[TimeControl "5400+30"]

1. c4 e5 2. Nc3 Nf6 3. Nf3 Nc6 4. e3 d5 5. d4 exd4 6. Nxd4 Nxd4 7. exd4 dxc4 8. Bxc4 Bd6 9. O-O O-O 10. Bg5 h6 11. Bh4 Be7 12. Re1 c6 13. Qd2 Nd5 14. Bxe7 Nxe7 15. Rad1 Nd5 16. Bxd5 cxd5 17. Re5 Be6 18. f4 Qd7 19. f5 Bxf5 20. Rxd5 Qe6 21. Re1 Qg6 22. Rde5 Rad8 23. Nd5 Rxd5 24. Rxd5 Rc8 25. Rc5 Rd8 26. Rce5 f6 27. Re7 Rc8 28. Rc1 Rxc1+ 29. Qxc1 Be4 30. Qd2 Bd5 31. b3 Qb1+ 32. Re1 Qg6 33. Rc1 Qe4 34. Re1 Qg6 35. Qf2 Qg4 36. h3 Qg6 37. Kh2 h5 38. Qg3 Qxg3+ 39. Kxg3 Kf7 40. h4 Bc6 41. Re2 g5 42. hxg5 fxg5 43. d5 Bd7 44. Rc2 h4+ 45. Kh2 Ke7 46. Rc7 b5 47. Rxa7 Kd6 48. Rxd7+ Kxd7 49. a4 bxa4 50. bxa4 Kd6 51. Kh3 Kxd5 1-0

[Event "FIDE WCCC Open-10 2024"]
[Site "Montesilvano"]
[Date "2024.11.18"]
[Round "4.27"]
[White "Grimm, Jakob"]
[Black "Akramov, Khasan"]
[Result "0-1"]
[ECO "B34"]
[WhiteElo "1646"]
[BlackElo "1835"]
[Annotator "NA RC"]
[PlyCount "74"]
[EventDate "2024.11.18"]
[EventType "swiss"]
[EventCountry "ITA"]
[SourceTitle "playchess.com"]
[Source "ChessBase"]
[SourceQuality "1"]
[TimeControl "5400+30"]

1. e4 c5 2. Nf3 Nc6 3. d4 cxd4 4. Nxd4 g6 5. Nxc6 bxc6 6. Qd4 Nf6 7. e5 Nd5 8. Nc3 Qb6 9. Qxb6 Nxb6 10. Be3 Bg7 11. f4 O-O 12. Ne4 Nd5 13. Bd2 d6 14. exd6 exd6 15. O-O-O Bg4 16. Re1 Rab8 17. b3 Rbd8 18. c4 Nb6 19. Bc3 Bxc3 20. Nxc3 Rfe8 21. Ne4 Kg7 22. Bd3 d5 23. Nf2 dxc4 24. bxc4 Be6 25. Be4 Rd4 26. Bd3 Red8 27. Re4 Rxd3 28. Nxd3 Rxd3 29. c5 Rc3+ 30. Kd2 Rxc5 31. Rhe1 Ra5 32. g4 Rxa2+ 33. Kc1 Bxg4 34. Re7 Nd5 35. Rb7 Nxf4 36. Ree7 Be6 37. Rxa7 Rxh2 0-1

[Event "FIDE WCCC Open-10 2024"]
[Site "Montesilvano"]
[Date "2024.11.18"]
[Round "4.27"]
[White "Mitrovic, Vasilije"]
[Black "Lin, Julian M"]
[Result "1-0"]
[ECO "C54"]
[WhiteElo "1590"]
[BlackElo "2017"]
[Annotator "RC"]
[PlyCount "51"]
[EventDate "2024.11.18"]
[EventType "swiss"]
[EventCountry "ITA"]
[SourceTitle "playchess.com"]
[Source "ChessBase"]
[SourceQuality "1"]
[TimeControl "5400+30"]

1. e4 e5 2. Nf3 Nc6 3. Bc4 Bc5 4. c3 Nf6 5. d4 Bd6 6. dxe5 Nxe5 7. Nxe5 Bxe5 8. Qd3 O-O 9. O-O b6 10. Be3 Bb7 11. f3 Re8 12. Bd4 c5 13. Bxe5 Rxe5 14. Na3 d5 15. exd5 Nxd5 16. f4 Re3 17. Qd2 a6 18. Bxd5 Bxd5 19. Qxe3 Qc8 20. c4 Bc6 21. Rad1 Qg4 22. Qg3 Qf5 23. Qd3 Qg4 24. Qd8+ Rxd8 25. Rxd8+ Be8 26. Rxe8# 1-0

[Event "FIDE WCCC Open-10 2024"]
[Site "Montesilvano"]
[Date "2024.11.18"]
[Round "4.28"]
[White "Perez Solanas, Hugo"]
[Black "Kais, Kristofer"]
[Result "1-0"]
[ECO "B77"]
[WhiteElo "1824"]
[BlackElo "1723"]
[Annotator "NA RC"]
[PlyCount "109"]
[EventDate "2024.11.18"]
[EventType "swiss"]
[EventCountry "ITA"]
[SourceTitle "playchess.com"]
[Source "ChessBase"]
[SourceQuality "1"]
[TimeControl "5400+30"]

1. e4 c5 2. Nf3 g6 3. d4 cxd4 4. Nxd4 Nc6 5. Nc3 Bg7 6. Be3 Nf6 7. Bc4 O-O 8. Bb3 d6 9. f3 Bd7 10. Qd2 Nxd4 11. Bxd4 b5 12. O-O a5 13. a4 b4 14. Nd5 Nxd5 15. Bxg7 Kxg7 16. Bxd5 Qb6+ 17. Kh1 Rac8 18. Bb3 Rc7 19. f4 Bc8 20. f5 Ba6 21. Rf3 Bc4 22. Rh3 h5 23. Qg5 Be2 24. Rg3 d5 25. e5 Bg4 26. e6 Qd6 27. Rf1 Rc6 28. Rf4 Qe5 29. h3 Rxe6 30. hxg4 hxg4 31. f6+ exf6 32. Qxe5 fxe5 33. Rf1 f5 34. Bxd5 Rd6 35. Bb3 Re8 36. Rd3 Rf6 37. Re1 f4 38. Bd5 g5 39. Be4 Ref8 40. Kg1 f3 41. Rd7+ Kg8 42. gxf3 gxf3 43. Kf2 Rh6 44. Kg3 g4 45. Bd5+ Kh8 46. Re7 f2 47. Rf1 Rh3+ 48. Kxg4 Rh6 49. Rxe5 Rhf6 50. Rh1+ Kg7 51. Re7+ R8f7 52. Rxf7+ Rxf7 53. Bxf7 f1=Q 54. Rxf1 Kf8 55. c4 1-0

[Event "FIDE WCCC Open-10 2024"]
[Site "Montesilvano"]
[Date "2024.11.18"]
[Round "4.29"]
[White "Otetileu, Amanbek"]
[Black "Dayal, Samar"]
[Result "1/2-1/2"]
[ECO "B72"]
[WhiteElo "1632"]
[BlackElo "1818"]
[Annotator "NA RC"]
[PlyCount "115"]
[EventDate "2024.11.18"]
[EventType "swiss"]
[EventCountry "ITA"]
[SourceTitle "playchess.com"]
[Source "ChessBase"]
[SourceQuality "1"]
[TimeControl "5400+30"]

1. e4 c5 2. Nf3 d6 3. d4 cxd4 4. Nxd4 Nf6 5. Nc3 g6 6. Be3 Nc6 7. f3 h5 8. Bc4 Bd7 9. Qd2 Nxd4 10. Bxd4 Bh6 11. Qd3 O-O 12. Bxf6 exf6 13. Qxd6 Be6 14. Qxd8 Raxd8 15. Bd5 f5 16. O-O Bd2 17. Rfd1 Bxc3 18. bxc3 Bxd5 19. Rxd5 fxe4 20. fxe4 Rc8 21. Rd3 Rc4 22. Re3 Rd8 23. a4 Rd2 24. Ra2 a5 25. h4 Kg7 26. Kh2 b6 27. Kg3 Rc6 28. Rb2 Kf6 29. Rd3 Re2 30. Kf3 Re1 31. Rb3 Ke7 32. Rd4 Rf6+ 33. Kg3 Re2 34. c4 Rff2 35. Rxb6 Rxg2+ 36. Kf4 Rgf2+ 37. Kg5 Rxc2 38. Rb7+ Ke6 39. Rdd7 Rg2+ 40. Kh6 f6 41. Rd5 Rxc4 42. Rb6+ Ke7 43. Rxa5 Rc7 44. e5 fxe5 45. Rxg6 Rxg6+ 46. Kxg6 Ke6 47. Kxh5 Rg7 48. Kh6 Rg1 49. Ra6+ Kf5 50. a5 e4 51. h5 e3 52. Ra8 e2 53. Rf8+ Ke4 54. Re8+ Kd3 55. a6 Rg8 56. Rxe2 Kxe2 57. Kh7 Ra8 58. h6 1/2-1/2

[Event "FIDE WCCC Open-10 2024"]
[Site "Montesilvano"]
[Date "2024.11.18"]
[Round "4.30"]
[White "Jani, Aakash"]
[Black "Larionov, Serghei"]
[Result "1-0"]
[ECO "C70"]
[WhiteElo "1810"]
[BlackElo "1720"]
[Annotator "NA RC"]
[PlyCount "63"]
[EventDate "2024.11.18"]
[EventType "swiss"]
[EventCountry "ITA"]
[SourceTitle "playchess.com"]
[Source "ChessBase"]
[SourceQuality "1"]
[TimeControl "5400+30"]

1. e4 e5 2. Nf3 Nc6 3. Bb5 a6 4. Ba4 Bc5 5. c3 Nge7 6. d4 exd4 7. cxd4 Bb4+ 8. Nc3 d5 9. O-O O-O 10. exd5 Nxd5 11. Bg5 Qd6 12. Ne4 Qg6 13. Bc2 f5 14. Nh4 Qf7 15. Ng3 h6 16. Bxh6 Qf6 17. Bxg7 Qxg7 18. Nhxf5 Bxf5 19. Nxf5 Qf6 20. Qg4+ Kf7 21. Bb3 Rad8 22. Qe4 Qe6 23. Qg4 Rg8 24. Qh5+ Kf8 25. Qf3 Ke8 26. a3 Ba5 27. Ba2 Qf7 28. b4 Bb6 29. Rae1+ Kf8 30. Re4 Rg5 31. Rf4 Nxd4 32. Nxd4 1-0

[Event "FIDE WCCC Open-10 2024"]
[Site "Montesilvano"]
[Date "2024.11.18"]
[Round "4.31"]
[White "Shrubok, Herman"]
[Black "Cao, Frank Zhongtian"]
[Result "1/2-1/2"]
[ECO "B94"]
[WhiteElo "1477"]
[BlackElo "1793"]
[Annotator "NA RC"]
[PlyCount "47"]
[EventDate "2024.11.18"]
[EventType "swiss"]
[EventCountry "ITA"]
[SourceTitle "playchess.com"]
[Source "ChessBase"]
[SourceQuality "1"]
[TimeControl "5400+30"]

1. e4 c5 2. Nf3 d6 3. d4 cxd4 4. Nxd4 Nf6 5. Nc3 a6 6. Bg5 Nbd7 7. Bc4 Qb6 8. Bb3 e6 9. Qd2 Be7 10. O-O-O Nc5 11. Rhe1 Qc7 12. f4 h6 13. Bxf6 Bxf6 14. g4 Nxb3+ 15. axb3 Bd7 16. Re3 O-O-O 17. Nf3 Bc6 18. Qe2 Kb8 19. h4 g6 20. Qf2 Qb6 21. Qe1 Qc7 22. Qf2 Qb6 23. Qe1 Qc7 24. Qf2 1/2-1/2

[Event "FIDE WCCC Open-10 2024"]
[Site "Montesilvano"]
[Date "2024.11.18"]
[Round "4.32"]
[White "Liu, Liam"]
[Black "Gim, Hajin"]
[Result "1-0"]
[ECO "B22"]
[WhiteElo "1783"]
[BlackElo "1603"]
[Annotator "NA RC"]
[PlyCount "103"]
[EventDate "2024.11.18"]
[EventType "swiss"]
[EventCountry "ITA"]
[SourceTitle "playchess.com"]
[Source "ChessBase"]
[SourceQuality "1"]
[TimeControl "5400+30"]

1. e4 c5 2. c3 Nf6 3. e5 Nd5 4. d4 cxd4 5. cxd4 d6 6. Bc4 Nb6 7. Bb3 dxe5 8. Qh5 e6 9. dxe5 Nc6 10. Nc3 Bb4 11. Nge2 Qc7 12. Bf4 Bd7 13. O-O Qd8 14. a3 Bxc3 15. Nxc3 O-O 16. Bc2 g6 17. Qh6 f6 18. Rad1 Qe7 19. exf6 Qxf6 20. Bg5 Qg7 21. Qh4 Ne5 22. Ne4 Nd5 23. Rxd5 exd5 24. Bf6 Rxf6 25. Nxf6+ Kh8 26. Nxd5 Bc6 27. Ne3 b6 28. Rd1 Nf7 29. Qd4 Qxd4 30. Rxd4 Rd8 31. Rxd8+ Nxd8 32. Bb3 Nb7 33. Bd5 Bxd5 34. Nxd5 Kg7 35. Kf1 Kf7 36. f4 Ke6 37. Ne3 Nc5 38. Ke2 Kf6 39. g3 a5 40. Nd5+ Kf5 41. Nxb6 Kg4 42. Nc4 a4 43. Kf2 Kh3 44. Kg1 Nd3 45. Kf1 Kxh2 46. Ke2 Nc5 47. Kf3 h5 48. Ne5 Kh3 49. Nxg6 Nd3 50. f5 Nxb2 51. f6 h4 52. gxh4 1-0

[Event "FIDE WCCC Open-10 2024"]
[Site "Montesilvano"]
[Date "2024.11.18"]
[Round "4.33"]
[White "Ejsymont, Eryk"]
[Black "Yevsieiev, Yaroslav"]
[Result "1-0"]
[ECO "D10"]
[WhiteElo "1910"]
[BlackElo "1706"]
[Annotator "RC"]
[PlyCount "95"]
[EventDate "2024.11.18"]
[EventType "swiss"]
[EventCountry "ITA"]
[SourceTitle "playchess.com"]
[Source "ChessBase"]
[SourceQuality "1"]
[TimeControl "5400+30"]

1. d4 d5 2. c4 c6 3. cxd5 cxd5 4. Bf4 Nf6 5. e3 Bf5 6. Nc3 Nc6 7. Qb3 Qb6 8. Qxb6 axb6 9. Rc1 e6 10. a3 Be7 11. Nb5 O-O 12. Nf3 Nh5 13. Bc7 Rac8 14. h3 Nf6 15. Nh4 Be4 16. Bd6 g5 17. Nf3 Rfd8 18. Bxe7 Nxe7 19. Rc3 Bxf3 20. gxf3 e5 21. Rg1 h6 22. h4 Nh7 23. dxe5 Ng6 24. hxg5 Nxg5 25. Nd4 Kh8 26. e6 Nh4 27. Be2 fxe6 28. Rh1 Ng6 29. Rxh6+ Kg7 30. Rh5 e5 31. Rxg5 exd4 32. Rxc8 Rxc8 33. Bd3 Rc6 34. Rxg6+ Rxg6 35. Bxg6 Kxg6 36. exd4 Kf5 37. Ke2 b5 38. Ke3 Kg5 39. f4+ Kg4 40. f3+ Kf5 41. Ke2 Kxf4 42. Kf2 b4 43. axb4 Kg5 44. Kg3 Kf5 45. b5 b6 46. b3 Kg5 47. f4+ Kh5 48. Kh3 1-0

[Event "FIDE WCCC Open-10 2024"]
[Site "Montesilvano"]
[Date "2024.11.18"]
[Round "4.34"]
[White "Santoro, Marco Antonio"]
[Black "Meitzner, Jonathan Franz"]
[Result "0-1"]
[ECO "B30"]
[WhiteElo "1765"]
[BlackElo "1876"]
[Annotator "NA RC"]
[PlyCount "68"]
[EventDate "2024.11.18"]
[EventType "swiss"]
[EventCountry "ITA"]
[SourceTitle "playchess.com"]
[Source "ChessBase"]
[SourceQuality "1"]
[TimeControl "5400+30"]

1. e4 c5 2. Nf3 Nc6 3. d3 e5 4. Nbd2 d6 5. h3 g6 6. Be2 Bg7 7. c3 Nge7 8. Qc2 O-O 9. a3 a5 10. g4 h6 11. Nf1 d5 12. Rg1 Be6 13. Ng3 b5 14. Nh4 Kh8 15. f3 d4 16. Ng2 c4 17. Kf2 Rc8 18. Ne1 Qb6 19. Kg2 Rfd8 20. Bd2 dxc3 21. bxc3 cxd3 22. Bxd3 Nd4 23. Qb2 Nb3 24. Rd1 Rd7 25. Nf1 Rcd8 26. Rh1 Rxd3 27. Nxd3 Rxd3 28. Qc2 Qd6 29. Rh2 Bc4 30. Qb2 Nc6 31. Kg3 Bf6 32. h4 Bd8 33. Kg2 Bb6 34. Kg3 Qf6 0-1

[Event "FIDE WCCC Open-10 2024"]
[Site "Montesilvano"]
[Date "2024.11.18"]
[Round "4.35"]
[White "Mrozowski, Nikodem"]
[Black "DAmato, Raffaele"]
[Result "1-0"]
[ECO "C02"]
[WhiteElo "1874"]
[BlackElo "1695"]
[Annotator "NA RC"]
[PlyCount "141"]
[EventDate "2024.11.18"]
[EventType "swiss"]
[EventCountry "ITA"]
[SourceTitle "playchess.com"]
[Source "ChessBase"]
[SourceQuality "1"]
[TimeControl "5400+30"]

1. e4 e6 2. d4 d5 3. e5 c5 4. c3 Nc6 5. Nf3 Bd7 6. Bd3 cxd4 7. cxd4 Nge7 8. Nc3 a6 9. O-O Ng6 10. Be3 Nb4 11. Bb1 Be7 12. a3 Nc6 13. b4 b5 14. Ne1 O-O 15. f4 Rc8 16. Ne2 f5 17. exf6 Bxf6 18. Nd3 Be7 19. Ne5 Ngxe5 20. fxe5 Rxf1+ 21. Qxf1 Bg5 22. Nf4 Qf8 23. Qd3 Qf5 24. Qxf5 exf5 25. Nxd5 Bxe3+ 26. Nxe3 Nxd4 27. Ba2+ Be6 28. Nxf5 Rd8 29. Rd1 Bxa2 30. Rxd4 Re8 31. Re4 Bb1 32. Nd6 Bxe4 33. Nxe8 Kf8 34. Nc7 Bb7 35. Ne6+ Ke7 36. Nc5 Bc6 37. Kf2 Kf7 38. g4 Kg6 39. Kg3 Kf7 40. Kf4 g6 41. Nxa6 Ke6 42. Nc5+ Kd5 43. e6 h6 44. h4 Kd6 45. Nb3 Be8 46. Nd4 Kd5 47. Ke3 Ke5 48. Kd3 Kd5 49. Kc3 Ke5 50. a4 bxa4 51. b5 Bxb5 52. Nxb5 Kxe6 53. Kd4 Kf6 54. Kd5 h5 55. gxh5 gxh5 56. Ke4 Ke6 57. Kf4 Kf6 58. Na3 Ke6 59. Kg5 Kd5 60. Kxh5 Kc5 61. Kg5 Kb4 62. h5 Kxa3 63. h6 Ka2 64. h7 a3 65. h8=Q Kb1 66. Qh1+ Kb2 67. Qg2+ Kb1 68. Qf1+ Kb2 69. Qf2+ Kb1 70. Qe1+ Kb2 71. Qb4+ 1-0

[Event "FIDE WCCC Open-10 2024"]
[Site "Montesilvano"]
[Date "2024.11.18"]
[Round "4.36"]
[White "Gusev, Daniil Den"]
[Black "Lenkov, Stanislav"]
[Result "1-0"]
[ECO "B43"]
[WhiteElo "1863"]
[BlackElo "1693"]
[Annotator "NA RC"]
[PlyCount "105"]
[EventDate "2024.11.18"]
[EventType "swiss"]
[EventCountry "ITA"]
[SourceTitle "playchess.com"]
[Source "ChessBase"]
[SourceQuality "1"]
[TimeControl "5400+30"]

1. e4 c5 2. Nf3 a6 3. Nc3 b5 4. d4 cxd4 5. Nxd4 e6 6. g3 Bb7 7. Bg2 Nf6 8. a3 Nc6 9. e5 Qb6 10. Nxc6 Bxc6 11. Bxc6 Qxc6 12. O-O Ne4 13. Nxe4 Qxe4 14. Re1 Qc6 15. Bf4 Bc5 16. Qg4 Kf8 17. Rad1 h5 18. Qh3 Qf3 19. Qg2 Qxg2+ 20. Kxg2 Ke7 21. Rd3 a5 22. Red1 Rhd8 23. h4 Ra6 24. Rc3 Rc6 25. b4 axb4 26. axb4 Bb6 27. Rxc6 dxc6 28. Ra1 Bd4 29. Ra6 Kd7 30. Ra3 Kc7 31. Rd3 Bb2 32. Rb3 Bd4 33. Kf3 Rd5 34. Rd3 Bb2 35. Ke4 Rxd3 36. Kxd3 c5 37. c4 Kc6 38. cxb5+ Kxb5 39. bxc5 Kxc5 40. Ke4 Bd4 41. f3 Bf2 42. Be3+ Bxe3 43. Kxe3 Kd5 44. Kf4 Kd4 45. g4 g5+ 46. Kxg5 hxg4 47. fxg4 Kxe5 48. h5 f5 49. gxf5 exf5 50. h6 f4 51. h7 f3 52. h8=Q+ Ke4 53. Qh3 1-0

[Event "FIDE WCCC Open-10 2024"]
[Site "Montesilvano"]
[Date "2024.11.18"]
[Round "4.37"]
[White "Garcia Tanjala, Marko"]
[Black "Kazimzade, Mahammad"]
[Result "0-1"]
[ECO "C77"]
[WhiteElo "1833"]
[BlackElo "1687"]
[Annotator "NA RC"]
[PlyCount "54"]
[EventDate "2024.11.18"]
[EventType "swiss"]
[EventCountry "ITA"]
[SourceTitle "playchess.com"]
[Source "ChessBase"]
[SourceQuality "1"]
[TimeControl "5400+30"]

1. e4 e5 2. Nf3 Nc6 3. Bb5 a6 4. Ba4 Nf6 5. Bxc6 dxc6 6. Nc3 Bg4 7. h3 Bh5 8. g4 Bg6 9. Nxe5 Nxe4 10. Nxg6 Nxc3 11. dxc3 Qxd1+ 12. Kxd1 O-O-O+ 13. Ke2 hxg6 14. Be3 Bd6 15. f4 Rde8 16. Kf3 Re6 17. Bd4 Rhe8 18. Rhf1 f6 19. f5 gxf5 20. gxf5 Re4 21. Kg2 Re2+ 22. Kf3 Rxc2 23. Rf2 Rxf2+ 24. Bxf2 Re5 25. Bd4 Rxf5+ 26. Kg4 Rg5+ 27. Kh4 Bg3# 0-1

[Event "FIDE WCCC Open-10 2024"]
[Site "Montesilvano"]
[Date "2024.11.18"]
[Round "4.38"]
[White "Bulat, Mansur"]
[Black "Guirado Lara, Pablo"]
[Result "1/2-1/2"]
[ECO "A56"]
[WhiteElo "1610"]
[BlackElo "1832"]
[Annotator "NA RC"]
[PlyCount "100"]
[EventDate "2024.11.18"]
[EventType "swiss"]
[EventCountry "ITA"]
[SourceTitle "playchess.com"]
[Source "ChessBase"]
[SourceQuality "1"]
[TimeControl "5400+30"]

1. d4 Nf6 2. c4 c5 3. dxc5 Qa5+ 4. Nc3 Qxc5 5. e3 g6 6. Be2 Bg7 7. Nf3 d6 8. O-O O-O 9. Nd4 Nc6 10. Nxc6 bxc6 11. b3 Ng4 12. Bxg4 Bxc3 13. Rb1 a5 14. Bxc8 Rfxc8 15. Qc2 Bg7 16. Bb2 Rcb8 17. Bxg7 Kxg7 18. Qe4 Rb7 19. Rb2 Rab8 20. Rfb1 a4 21. Qd4+ Qxd4 22. exd4 axb3 23. axb3 Rb4 24. Kf1 d5 25. cxd5 cxd5 26. Rd1 Rxb3 27. Rbd2 Rb1 28. Ke1 Kf6 29. f3 R8b2 30. Rxb1 Rxb1+ 31. Kf2 Ke6 32. Kg3 Kd6 33. Kf4 h6 34. Ra2 Rb6 35. h4 Ke6 36. g4 f6 37. g5 hxg5+ 38. hxg5 Kd6 39. gxf6 exf6 40. Rg2 g5+ 41. Kf5 Rb3 42. Kxf6 Rxf3+ 43. Kxg5 Rd3 44. Rg4 Kc6 45. Kf5 Re3 46. Rg1 Re4 47. Rg4 Re3 48. Rg1 Re4 49. Rg4 Rxg4 50. Kxg4 Kd6 1/2-1/2

[Event "FIDE WCCC Open-10 2024"]
[Site "Montesilvano"]
[Date "2024.11.18"]
[Round "4.39"]
[White "Buklaho, Ignacy"]
[Black "Friscic, Jakov"]
[Result "1-0"]
[ECO "B15"]
[WhiteElo "1822"]
[BlackElo "1685"]
[Annotator "NA RC"]
[PlyCount "41"]
[EventDate "2024.11.18"]
[EventType "swiss"]
[EventCountry "ITA"]
[SourceTitle "playchess.com"]
[Source "ChessBase"]
[SourceQuality "1"]
[TimeControl "5400+30"]

1. e4 c6 2. d4 d5 3. Nd2 dxe4 4. Nxe4 Nf6 5. Nxf6+ exf6 6. c3 Bd6 7. Bd3 O-O 8. Ne2 Re8 9. O-O Nd7 10. Ng3 Nf8 11. f4 Qc7 12. f5 b6 13. Nh5 Nd7 14. Qg4 Bf8 15. Nxg7 Bxg7 16. Bh6 Kf8 17. Qxg7+ Ke7 18. Rfe1+ Kd8 19. Rxe8+ Kxe8 20. Re1+ Kd8 21. Qg8+ 1-0

[Event "FIDE WCCC Open-10 2024"]
[Site "Montesilvano"]
[Date "2024.11.18"]
[Round "4.40"]
[White "Nikitakis, Michail"]
[Black "Della Penna, Leonardo"]
[Result "1-0"]
[ECO "B90"]
[WhiteElo "1818"]
[BlackElo "1675"]
[Annotator "NA RC"]
[PlyCount "70"]
[EventDate "2024.11.18"]
[EventType "swiss"]
[EventCountry "ITA"]
[SourceTitle "playchess.com"]
[Source "ChessBase"]
[SourceQuality "1"]
[TimeControl "5400+30"]

1. e4 c5 2. Nf3 d6 3. d4 cxd4 4. Nxd4 Nf6 5. Nc3 a6 6. f3 e5 7. Nb3 Be6 8. Be3 h5 9. Qd2 Nbd7 10. O-O-O b5 11. Qf2 Rc8 12. Kb1 Qc7 13. Nd5 Nxd5 14. exd5 Bf5 15. Bd3 Bxd3 16. Rxd3 b4 17. c3 Nc5 18. Bxc5 dxc5 19. c4 Bd6 20. Nd2 a5 21. Ne4 f6 22. Qg3 Kf7 23. Qh3 Qe7 24. Qe6+ Qxe6 25. dxe6+ Kxe6 26. Rxd6+ Ke7 27. Rhd1 Rc7 28. R6d5 Rhc8 29. Nd6 Rg8 30. Nb5 Rcc8 31. Rd7+ Ke8 32. Ra7 Rb8 33. Rdd7 Kf8 34. Rf7+ Ke8 35. Nd6+ Kd8 1-0

[Event "FIDE WCCC Open-10 2024"]
[Site "Montesilvano"]
[Date "2024.11.18"]
[Round "4.41"]
[White "Zhang, Oscar Y"]
[Black "Gomez Silva, Maximiliano"]
[Result "1-0"]
[ECO "B17"]
[WhiteElo "1817"]
[BlackElo "1643"]
[Annotator "NA RC"]
[PlyCount "81"]
[EventDate "2024.11.18"]
[EventType "swiss"]
[EventCountry "ITA"]
[SourceTitle "playchess.com"]
[Source "ChessBase"]
[SourceQuality "1"]
[TimeControl "5400+30"]

1. e4 c6 2. d4 d5 3. Nc3 dxe4 4. Nxe4 Nd7 5. Nf3 Ngf6 6. Ng3 e6 7. Bd3 Bd6 8. Bd2 O-O 9. c3 e5 10. O-O c5 11. Re1 exd4 12. Nf5 Nb6 13. cxd4 cxd4 14. N3xd4 Bxf5 15. Nxf5 Bxh2+ 16. Kxh2 Qxd3 17. Ne7+ Kh8 18. Bc3 Qxd1 19. Rc1 Qxe1 20. Rxe1 Rad8 21. b3 Rd1 22. Rxd1 Re8 23. Nf5 Nbd5 24. Ba1 Re6 25. f3 Ne7 26. Bxf6 gxf6 27. Rd8+ Ng8 28. Nh6 Kg7 29. Nxg8 b6 30. Kg3 a5 31. Kf2 Re5 32. Kg3 Re6 33. Kg4 Re5 34. g3 Re1 35. f4 Re6 36. Kf5 b5 37. a3 b4 38. a4 h5 39. Ra8 Re3 40. Nxf6 Rxb3 41. Nxh5+ 1-0

[Event "FIDE WCCC Open-10 2024"]
[Site "Montesilvano"]
[Date "2024.11.18"]
[Round "4.42"]
[White "Guntaka, Aayansh"]
[Black "Qian, Qipeng"]
[Result "1/2-1/2"]
[ECO "B47"]
[WhiteElo "1798"]
[BlackElo "1641"]
[Annotator "NA RC"]
[PlyCount "111"]
[EventDate "2024.11.18"]
[EventType "swiss"]
[EventCountry "ITA"]
[SourceTitle "playchess.com"]
[Source "ChessBase"]
[SourceQuality "1"]
[TimeControl "5400+30"]

1. e4 c5 2. Nf3 e6 3. d4 cxd4 4. Nxd4 Nc6 5. Nc3 Qc7 6. g3 Nf6 7. Ndb5 Qb8 8. Bf4 e5 9. Bg5 a6 10. Bxf6 gxf6 11. Na3 Bb4 12. Nc4 b5 13. Ne3 Ne7 14. Qf3 Qb6 15. Bg2 Bb7 16. Rd1 O-O-O 17. O-O h5 18. h4 Bc5 19. Ned5 Nxd5 20. Nxd5 Bxd5 21. exd5 Qd6 22. c4 b4 23. a3 bxa3 24. bxa3 Kb7 25. Qb3+ Ka7 26. Qd3 Rhg8 27. Kh1 Rh8 28. a4 Bd4 29. Qf5 Rc8 30. Rc1 Rc5 31. Rc2 Qe7 32. d6 Qxd6 33. Rb1 Rb8 34. Rxb8 Kxb8 35. Rc1 Ka7 36. Rb1 Rc7 37. a5 Bc3 38. Qf3 e4 39. Qxc3 Qd3 40. Qb4 Qxb1+ 41. Qxb1 Rxc4 42. Bxe4 Rxe4 43. Qxe4 d5 44. Qxd5 f5 45. Qxf5 f6 46. Kg1 Kb7 47. Qd7+ Ka8 48. Kf1 f5 49. Ke2 f4 50. gxf4 Kb8 51. f5 Ka8 52. f6 Kb8 53. f7 Ka8 54. f8=B Kb8 55. Bd6+ Ka8 56. f4 1/2-1/2

[Event "FIDE WCCC Open-10 2024"]
[Site "Montesilvano"]
[Date "2024.11.18"]
[Round "4.43"]
[White "Blekh, Erik"]
[Black "Hochman, Gur"]
[Result "1-0"]
[ECO "C40"]
[WhiteElo "1790"]
[BlackElo "1626"]
[Annotator "NA RC"]
[PlyCount "57"]
[EventDate "2024.11.18"]
[EventType "swiss"]
[EventCountry "ITA"]
[SourceTitle "playchess.com"]
[Source "ChessBase"]
[SourceQuality "1"]
[TimeControl "5400+30"]

1. Nf3 f5 2. d3 Nc6 3. e4 e5 4. Nc3 Nf6 5. g3 Bb4 6. Bd2 d6 7. Qe2 O-O 8. Bg2 fxe4 9. Nxe4 Nxe4 10. dxe4 Bxd2+ 11. Nxd2 Nd4 12. Qd3 Qf6 13. O-O Be6 14. f4 Qe7 15. c3 Nc6 16. f5 Bc8 17. Nf3 Rd8 18. Rae1 Kh8 19. g4 Rf8 20. g5 Bd7 21. h4 h6 22. Qd2 Kh7 23. Rf2 Be8 24. Nh2 Bh5 25. Ref1 Nd8 26. Bf3 Be8 27. Ng4 h5 28. Ne3 c6 29. Qd1 1-0

[Event "FIDE WCCC Open-10 2024"]
[Site "Montesilvano"]
[Date "2024.11.18"]
[Round "4.44"]
[White "Makhsatuly, Rakhim"]
[Black "Akramov, Khusan"]
[Result "1-0"]
[ECO "B15"]
[WhiteElo "1683"]
[BlackElo "1782"]
[Annotator "NA RC"]
[PlyCount "107"]
[EventDate "2024.11.18"]
[EventType "swiss"]
[EventCountry "ITA"]
[SourceTitle "playchess.com"]
[Source "ChessBase"]
[SourceQuality "1"]
[TimeControl "5400+30"]

1. e4 c6 2. d4 d5 3. Nc3 dxe4 4. Nxe4 Nf6 5. Nxf6+ exf6 6. c3 Bd6 7. Bd3 O-O 8. Ne2 Re8 9. O-O Nd7 10. Bf4 Nf8 11. Bxd6 Qxd6 12. Re1 Be6 13. Ng3 Ng6 14. Qf3 Re7 15. Ne4 Qd5 16. Re3 Rae8 17. b3 Nh4 18. Qg3 Ng6 19. Bc4 Qh5 20. Nd6 Rd8 21. Bxe6 fxe6 22. Rae1 f5 23. Nc4 f4 24. Qh3 Qxh3 25. Rxh3 e5 26. dxe5 Nxe5 27. Kf1 Ng6 28. Rxe7 Nxe7 29. Ke2 b5 30. Nd2 Nd5 31. Rd3 g5 32. Ne4 Re8 33. f3 Re5 34. Kf2 Kf7 35. c4 bxc4 36. bxc4 Ne3 37. Rd7+ Kg6 38. Rd6+ Kg7 39. Rxc6 Ra5 40. Rc7+ Kg6 41. Ke2 Rxa2+ 42. Kd3 Nxg2 43. Rc6+ Kh5 44. Nf6+ Kh4 45. Nxh7 Ne1+ 46. Ke4 Kh5 47. Nf6+ Kg6 48. Ng4+ Kg7 49. Ne5 Rxh2 50. Rc7+ Kf8 51. Rxa7 Rc2 52. Kf5 Nxf3 53. Kf6 Kg8 54. Ng6 1-0